 Dungeon Crawl Stone Soup version 0.23-a0-408-g9d4b7ed (webtiles) character file.

162 MisterFreud the Slasher (level 5, -2/34 HPs)
             Began as an Octopode Gladiator on Nov 8, 2018.
             Slain by an ogre
             ... wielding a +0 giant club
              (22 damage)
             ... on level 4 of the Dungeon.
             The game lasted 00:03:25 (2340 turns).

MisterFreud the Slasher (Octopode Gladiator)        Turns: 2340, Time: 00:03:26

Health: -2/34      AC:  1    Str: 13    XL:     5   Next: 43%
Magic:  5/5        EV: 14    Int: 11    God:
Gold:   143        SH:  0    Dex: 14    Spells: 4/4 levels left

rFire    . . .     SeeInvis .   a - +0 long sword
rCold    . . .     Gourm    .   (no shield)
rNeg     . . .     Faith    .   b - +0 hat
rPois    .         Spirit   .   (no amulet)
rElec    .         Reflect  .   (no ring)
rCorr    .         Harm     .   (no ring)
MR       .....                  (no ring)
Stlth    ++........             (no ring)
HPRegen  0.11/turn              (no ring)
MPRegen  0.09/turn              (no ring)
                                (no ring)
                                (no ring)

@: no status effects
A: almost no armour, stealthy swim, amphibious, 8 rings, constrict 8, camouflage
1, gelatinous body 1
a: no special abilities


You were on level 4 of the Dungeon.
You were hungry.

You visited 1 branch of the dungeon, and saw 4 of its levels.

You collected 143 gold pieces.

Inventory:

Hand Weapons
 a - a +0 long sword (weapon)
Missiles
 c - 3 throwing nets (quivered)
 n - 3 tomahawks
 o - 16 sling bullets
 s - 17 arrows
 t - 24 stones
Armour
 b - a +0 hat (worn)
Scrolls
 e - a scroll of magic mapping {unknown}
 f - a scroll of blinking {unknown}
 h - 2 scrolls of fear {unknown}
 i - 6 scrolls of identify {unknown}
 l - a scroll of immolation {unknown}
 p - a scroll of remove curse {unknown}
Potions
 g - a potion of brilliance {unknown}
 j - a potion of invisibility {unknown}
 k - a potion of haste {unknown}
 m - a potion of ambrosia {unknown}
 q - a potion of curing {unknown}
 r - a potion of resistance {unknown}
 u - 2 potions of agility {unknown}
 v - a potion of might {unknown}
Comestibles
 d - 8 rations


   Skills:
 - Level 2.0 Fighting
 - Level 6.0 Long Blades
 - Level 2.0 Throwing
 + Level 3.0 Dodging


You had 4 spell levels left.
You didn't know any spells.
Your spell library was empty.

Dungeon Overview and Level Annotations

Branches:
Dungeon (4/15)
 Temple: D:4-7

Altars:


Innate Abilities, Weirdness & Mutations

You cannot wear most types of armour.
You are very stealthy in the water. (Stealth+)
You are amphibious.
You can wear up to eight rings at the same time.
You can use your tentacles to constrict eight enemies at once.
Your skin changes colour to match your surroundings (Stealth+).
Your rubbery body absorbs attacks. (AC +1, EV +1)


Message History

Your Long Blades skill increases to level 6!
You need to enable at least one skill for training.
You feel sick.
Found 17 gold pieces.
You now have 126 gold pieces (gained 16).
You feel sick.
d - 8 rations (gained 1)
You feel sick.
You feel sick.
You now have 143 gold pieces (gained 17).
You feel sick.
You are no longer poisoned.
An ogre comes into view. It is wielding a +0 giant club.
The ogre shouts!
You hear an angry hiss.
An ogre is nearby!
You hit the ogre.
The ogre is moderately wounded.
The ogre hits you with a +0 giant club!!
Ouch! That really hurt!
You die...

......#.[.......##.............
.................#..#.#........
#..##......####.....###..... ..
##..#...#.## #.#..#.# ....
#.##......# ####..... .##
##........## ..#...# ..
#.....##..#######..###..#
....#..#......#....###....
.####..#..#.....@....# ... .
#.#..###..#.O##..# . #.#..#
#####.# ## #.#..# ...# .....#
..## .###.. .... .. ###. ....
.. . ..... .


You could see an ogre.

Vanquished Creatures
  Terence (D:3)
  A gnoll (D:1)
  4 adders
  An ooze (D:1)
  2 worms (D:3)
  A dart slug (D:1)
  4 leopard geckos (D:3)
  8 orcs
  2 ball pythons
  2 giant cockroaches
  6 goblins
  7 hobgoblins
  2 jackals (D:2)
  2 quokkas
  6 bats
  2 frilled lizards
  7 kobolds
  5 rats
63 creatures vanquished.

Notes
Turn   | Place    | Note
-------+----------+-------------------------------------------
     0 | D:1      | MisterFreud the Octopode Gladiator began the quest for the
                  | Orb.
     0 | D:1      | Reached XP level 1. HP: 14/14 MP: 1/1
   186 | D:1      | Reached XP level 2. HP: 15/19 MP: 2/2
   366 | D:1      | Reached skill level 4 in Long Blades
   427 | D:1      | Reached XP level 3. HP: 20/24 MP: 3/3
  1142 | D:2      | Reached XP level 4. HP: 29/29 MP: 4/4
  1290 | D:3      | Reached skill level 5 in Long Blades
  1699 | D:3      | Noticed Terence
  1708 | D:3      | Killed Terence
  1708 | D:3      | Reached XP level 5. HP: 16/34 MP: 5/5
  2315 | D:4      | Reached skill level 6 in Long Blades
  2338 | D:4      | Noticed an ogre
  2340 | D:4      | Slain by an ogre

Vault maps used:
D:1:      ncdulo_watergridlock
D:2:      wad_orctagon
D:3:      uniq_terence
D:4:      first_ration, minmay_misc_feat_hallway, uniq_eustachio,
          uniq_blork_the_orc

Skill      XL: |  1  2  3  4  5 |
---------------+----------------+-----
Long Blades    | 4 5 6 |  6.0
Fighting       | |  2.0
Throwing       | |  2.0
Dodging        | |  3.0

Action                   |  1- 3 |  4- 6 || total
-------------------------+-------+-------++-------
Melee: Long sword        |    52 |    68 ||   120
       Constrict         |    16 |    21 ||    37
       Tentacles         |     7 |    15 ||    22
 Stab: Sleeping          |    10 |     8 ||    18
  Eat: Chunk             |       |     4 ||     4
Armor: Skin              |     8 |     5 ||    13
Dodge: Dodged            |    27 |    44 ||    71
       Rpst.: Long sword |     7 |     9 ||    16

Table legend:
 A = Non-vault XP
 B = Vault XP
 C = Vault XP percentage of total XP
 D = Non-vault monster count
 E = Vault monster count
 F = Vault count percentage of total count
                 A         B        C        D         E       F
            +---------+---------+-------+---------+---------+-------
      Total |     182 |      50 |  21.6 |      58 |       5 |   7.9
            +---------+---------+-------+---------+---------+-------
        D:1 |      48 |       0 |   0.0 |      16 |       0 |   0.0
        D:2 |      34 |      12 |  26.1 |      13 |       4 |  23.5
        D:3 |      85 |      38 |  30.9 |      27 |       1 |   3.6
        D:4 |      15 |       0 |   0.0 |       2 |       0 |   0.0
            +---------+---------+-------+---------+---------+-------
